 Dungeon Crawl Stone Soup version 0.31.0-4-g52a2dc7128 (webtiles) character file.

Game seed: 4779286580747752108

6827 GordonOverkill the Destroyer (level 11, -1/63 HPs)
             Began as a Kobold Reaver on Jan 23, 2024.
             Was a Believer of Vehumet.
             Slain by a shadow (20 damage)
             ... on level 10 of the Dungeon.
             The game lasted 00:25:49 (12666 turns).

GordonOverkill the Destroyer (Kobold Reaver)       Turns: 12666, Time: 00:25:50

Health: -1/63      AC:  3    Str:  9    XL:     11   Next: 25%
Magic:  9/20       EV: 29    Int: 26    God:    Vehumet [**....]
Gold:   265        SH:  0    Dex: 13    Spells: 13/22 levels left

rFire   . . .        j - +5 short sword (drain)
rCold   . . .        (no shield)
rNeg    . . .        b - +0 leather armour
rPois   .            (no helmet)
rElec   .            (no cloak)
rCorr   .            (no gloves)
SInv    .            (no boots)
Will    .....        d - amulet of the acrobat
Stlth   ++           m - +6 ring of intelligence
HPRegen 0.30/turn    s - +4 ring of slaying
MPRegen 0.17/turn

%: acrobat
@: acrobatic
A: small, no large weapons, nightstalker 3
a: Renounce Religion


You were on level 10 of the Dungeon.
You worshipped Vehumet.
Vehumet was pleased with you.
You visited 1 branch of the dungeon, and saw 10 of its levels.

You collected 427 gold pieces.
You spent 162 gold pieces at shops.

Inventory:

Hand Weapons
 h - a +0 dagger of venom
 j - a +5 short sword of draining (weapon)
 o - a +4 short sword
Armour
 b - a +0 leather armour (worn)
 e - a scarf of invisibility
Magical Staves
 q - a staff of air
Jewellery
 d - an amulet of the acrobat (around neck)
 m - a +6 ring of intelligence (left hand)
 s - a +4 ring of slaying (right hand)
 w - a ring of protection from fire
 x - a +5 ring of evasion
 z - a +6 ring of dexterity
Scrolls
 g - a scroll of vulnerability
 k - 4 scrolls of identify
 n - a scroll of revelation
 t - 2 scrolls of teleportation
 u - a scroll of enchant armour
 v - 2 scrolls of poison
 y - a scroll of fog
 B - a scroll of immolation
Potions
 a - a potion of magic
 c - 2 potions of brilliance
 f - 2 potions of cancellation
 i - a potion of enlightenment
 l - a potion of invisibility
 p - 9 potions of curing
 r - 3 potions of haste


   Skills:
 - Level 5.0 Fighting
 - Level 4.0 Short Blades
 - Level 2.4 Dodging
 - Level 6.0 Spellcasting
 + Level 12.0 Conjurations
 - Level 3.0 Translocations
 - Level 6.0 Ice Magic
 - Level 6.0 Air Magic
 - Level 2.0 Alchemy


You had 13 spell levels left.
You knew the following spells:

 Your Spells              Type           Power      Damage    Failure   Level
a - Kiss of Death         Conj/Necr      100%       2d13      1%          1
b - Hailstorm             Conj/Ice       53%        3d10      1%          3
c - Blink                 Tloc           46%        N/A       4%          2
d - Mephitic Cloud        Conj/Alch/Air  42%        N/A       1%          3

Your spell library contained the following spells:

 Spells                   Type           Power      Damage    Failure   Level
 Static Discharge         Conj/Air       100%       3-8/arc   1%          2
 Magic Dart               Conj           100%       1d8       1%          1
 Momentum Strike          Conj/Tloc      92%        3d10      1%          2
 Iskenderun's Battlesphe  Conj           63%        2d11      1%          5
 Mercury Vapours          Alch/Air       56%        N/A       2%          2
 Lesser Beckoning         Tloc           46%        N/A       4%          2
 Gell's Gravitas          Tloc           23%        N/A       9%          3
 Teleport Other           Tloc           23%        N/A       9%          3
 Brom's Barrelling Bould  Conj/Erth      39%        2d6       9%          4
 Flame Wave               Conj/Fire      39%        2d11      9%          4
 Summon Small Mammal      Summ           28%        N/A       10%         1
 Freezing Cloud           Conj/Ice/Air   24%        6-21      10%         5
 Call Imp                 Summ           14%        N/A       14%         2
 Scorch                   Fire           14%        2d5       14%         2
 Fireball                 Conj/Fire      19%        3d9       22%         5
 Call Canine Familiar     Summ           7%         N/A       28%         3
 Conjure Ball Lightning   Conj/Air       26%        3x3d7     36%         6
 Orb of Destruction       Conj           31%        9d10      52%         7
 Summon Blazeheart Golem  Fire/Summ      7%         N/A       67%         4
 Dispersal                Tloc           11%        N/A       99%         6
 Summon Cactus Giant      Summ           3%         N/A       100%        6


Dungeon Overview and Level Annotations

Branches:
Dungeon (10/15)            Temple (0/1) D:5            Lair (0/5) D:9
    Orc: D:9-12

Altars:
Cheibriados
Dithmenos
Fedhas
Hepliaklqana
Kikubaaqudgha
Nemelex Xobeh
Qazlal
Ru
Sif Muna
Trog
Vehumet

Shops:
D:9 [   D:10 *

Annotations:
D:4 3 runed translucent doors
D:5 2 transporters, Destapler's ghost, novice TrSh; Menkaure
D:6 cariele's ghost, novice SpEn; qwarkbark's ghost, novice MiGl
D:7 exclusion: upstairs
D:9 2 transporters


Innate Abilities, Weirdness & Mutations

You are small and have problems with some larger weapons.
You are completely attuned to the shadows.


Message History

Confirm with . or Enter, or press ? or * to list all spells.
Casting: Hailstorm (safe; 1% risk of failure)
Press: ? - help, Dir - look around, f - activate A cannonade of hail descends around you!
The hail pelts the brown ugly thing!
The brown ugly thing is heavily wounded.
The shadow slips into darkness.
The shadow flickers and vanishes!
Deactivating autopickup; reactivate with Ctrl-A.
Casting: Hailstorm (safe; 1% risk of failure)
Confirm with . or Enter, or press ? or * to list all spells.
Casting: Hailstorm (safe; 1% risk of failure)
Press: ? - help, Dir - look around, f - activate A cannonade of hail descends around you!
The hail misses the brown ugly thing.
The shadow strikes at you from the darkness!
Ouch! That really hurt!
* * * LOW HITPOINT WARNING * * *
Reactivating autopickup.
Something trunk-slaps the shadow but does no damage.
The shadow slips into darkness.
The shadow flickers and vanishes!
Deactivating autopickup; reactivate with Ctrl-A.
Casting: Hailstorm (safe; 1% risk of failure)
Confirm with . or Enter, or press ? or * to list all spells.
You blink.
A wyvern comes into view.
The wyvern hisses angrily.
The wyvern misses you.
You feel ready to blink again. The wyvern misses you.
The wyvern attacks as it pursues you! The wyvern completely misses you.
The wyvern bites you!!
* * * LOW HITPOINT WARNING * * *
Okay, then.
You feel much better. The wyvern bites you!!
* * * LOW HITPOINT WARNING * * *
The wyvern closely misses you.
The shadow strikes at you from the darkness!
You die...

#########
######.......#
.######......#####.#
......§......#####.#
####{#####.........#
....u.# #.#.##.♣..#
.###.## #.#.#♣.∩.♣#
... #.#..k{♣).#
##.## #.#.#@##.##
... ....#.##.#
#....<...#
#..##.##.# #. #.##.#
# #.. ####


You could see a wyvern.

Vanquished Creatures
  An ugly thing (D:9)
  A troll (D:9)
  Prince Ribbit (D:7)
  3 wyverns (D:9)
  10 yaks (D:9)
  Grum (D:8)
  3 water moccasins (D:9)
  An ice beast (D:7)
  An orc warrior (D:9)
  6 black bears
  3 wolves (D:8)
  A centaur (D:8)
  A phantom (D:7)
  2 kobold brigands
  4 bullfrogs
  A gnoll sergeant (D:9)
  2 scorpions
  16 wights
  3 howler monkeys
  4 bombardier beetles
  A lava snake (D:8)
  5 jellies
  An orc priest (D:7)
  2 hounds
  A gnoll bouda (D:5)
  3 iguanas
  A sleepcap (D:4)
  10 orc wizards
  7 gnolls
  4 adders
  2 ufetubi (D:5)
  4 dart slugs
  A ribbon worm (D:2)
  34 orcs
  6 endoplasms
  4 giant cockroaches
  12 goblins
  6 hobgoblins
  4 quokkas
  8 ball pythons
  3 bats
  A frilled lizard (D:2)
  15 kobolds
  7 rats
207 creatures vanquished.

Vanquished Creatures (others)
  A yak (D:9)
1 creature vanquished.

Grand Total: 208 creatures vanquished

Notes
Turn   | Place    | Note
-------+----------+-------------------------------------------
     0 | D:1      | GordonOverkill the Kobold Reaver began the quest for the
                  | Orb.
     0 | D:1      | Reached XP level 1. HP: 12/12 MP: 3/3
   375 | D:1      | Reached XP level 2. HP: 16/18 MP: 5/5
   864 | D:1      | You fall into a shaft and drop 1 floor!
   876 | D:2      | Reached XP level 3. HP: 21/22 MP: 7/7
  1021 | D:2      | Reached skill level 1 in Translocations
  1029 | D:2      | Reached XP level 4. HP: 14/26 MP: 5/8
  1210 | D:2      | Noticed an eye of devastation
  1211 | D:2      | Noticed a great orb of eyes
  1223 | D:2      | Found a faded altar of an unknown god.
  1223 | D:2      | Noticed a shining eye
  1240 | D:2      | Noticed a great orb of eyes
  1663 | D:3      | Learned a level 3 spell: Hailstorm
  1666 | D:3      | Learned a level 2 spell: Blink
  2145 | D:3      | Found an ancient bone altar of Kikubaaqudgha.
  2296 | D:3      | Reached XP level 5. HP: 32/32 MP: 9/9
  2461 | D:4      | Noticed a black bear
  2471 | D:4      | Killed a black bear
  2496 | D:4      | Found a runed translucent gate.
  2496 | D:4      | Found a runed translucent gate.
  2496 | D:4      | Found a runed translucent gate.
  2514 | D:4      | Reached XP level 6. HP: 35/37 MP: 10/10
  2756 | D:3      | Reached skill level 4 in Conjurations
  3025 | D:4      | Noticed a black bear
  3031 | D:4      | Killed a black bear
  3032 | D:4      | Reached XP level 7. HP: 39/41 MP: 11/11
  3324 | D:4      | Found a blossoming altar of Fedhas.
  3324 | D:4      | Found a sacrificial altar of Ru.
  3328 | D:4      | Found a radiant altar of Vehumet.
  3328 | D:4      | Found a snail-covered altar of Cheibriados.
  3337 | D:4      | Reached skill level 5 in Ice Magic
  3436 | D:4      | Became a worshipper of Vehumet
  3883 | D:5      | Entered Level 5 of the Dungeon
  4295 | D:5      | Noticed Menkaure
  4378 | D:5      | Found a staircase to the Ecumenical Temple.
  4458 | D:5      | Reached skill level 5 in Conjurations
  4686 | D:5      | Found a bloodstained altar of Trog.
  4742 | D:5      | Reached XP level 8. HP: 39/46 MP: 8/12
  5307 | D:5      | Found a transporter.
  5307 | D:5      | Found a transporter.
  5307 | D:5      | Noticed Destapler's ghost (novice TrSh)
  5879 | D:5      | Reached skill level 6 in Conjurations
  5883 | D:5      | Learned a level 3 spell: Mephitic Cloud
  6056 | D:6      | Reached skill level 1 in Air Magic
  6313 | D:6      | Found a runed translucent gate.
  6314 | D:6      | Found a runed translucent gate.
  6315 | D:6      | Found a runed translucent gate.
  6413 | D:6      | Reached skill level 1 in Alchemy
  6536 | D:6      | Reached * piety under Vehumet
  6536 | D:6      | Offered knowledge of Sandblast by Vehumet.
  6544 | D:6      | Reached XP level 9. HP: 44/52 MP: 1/13
  7044 | D:6      | Reached skill level 5 in Air Magic
  7216 | D:6      | Noticed qwarkbark's ghost (novice MiGl)
  7216 | D:6      | Noticed cariele's ghost (novice SpEn)
  7468 | D:7      | Noticed Prince Ribbit
  7477 | D:7      | Killed Prince Ribbit
  8855 | D:8      | Reached skill level 5 in Spellcasting
  9642 | D:8      | Noticed Grum
  9645 | D:8      | Offered knowledge of Freeze by Vehumet.
  9646 | D:8      | Reached ** piety under Vehumet
  9647 | D:8      | Reached XP level 10. HP: 26/56 MP: 14/19
  9647 | D:8      | Killed Grum
  9648 | D:8      | Reached skill level 7 in Conjurations
  9832 | D:8      | Reached skill level 8 in Conjurations
 10487 | D:9      | Found a shadowy altar of Dithmenos.
 10936 | D:9      | Identified the maw talisman "Umacinku" {rPois rN+ Int-4
                  | SInv}
 10958 | D:9      | Noticed a cyan ugly thing
 11118 | D:9      | Reached skill level 9 in Conjurations
 11139 | D:9      | Killed a cyan ugly thing
 11412 | D:9      | Found a shimmering blue altar of Sif Muna.
 11437 | D:9      | Reached skill level 10 in Conjurations
 11510 | D:9      | Reached skill level 5 in Fighting
 11726 | D:9      | Reached XP level 11. HP: 33/63 MP: 5/20
 11930 | D:9      | Reached skill level 11 in Conjurations
 12017 | D:9      | Identified the +1 robe of Durukh {Fly rPois Int+4 Dex+3}
 12100 | D:9      | Reached skill level 12 in Conjurations
 12321 | D:9      | Found a staircase to the Lair.
 12367 | D:9      | Found a stormy altar of Qazlal.
 12377 | D:9      | Found Odal's Armour Emporium.
 12417 | D:9      | Found a transporter.
 12428 | D:9      | Found a transporter.
 12428 | D:9      | Noticed a death knight
 12432 | D:9      | Noticed a centaur warrior
 12438 | D:9      | Found a sparkling altar of Nemelex Xobeh.
 12448 | D:9      | Offered knowledge of Static Discharge by Vehumet.
 12485 | D:9      | Found a hazy altar of Hepliaklqana.
 12610 | D:10     | Entered Level 10 of the Dungeon
 12611 | D:10     | Found Ushrismy's General Store.
 12618 | D:10     | Bought a potion of curing for 36 gold pieces
 12618 | D:10     | Bought a potion of curing for 36 gold pieces
 12618 | D:10     | Bought a scroll of enchant weapon for 90 gold pieces
 12647 | D:10     | Noticed a brown ugly thing
 12666 | D:10     | Slain by a shadow

Illustrated notes

Levels and vault maps discovered:
D:1:      scummos_arrival_gate, layout_loops_ring
D:2:      layout_rooms, hellmonk_ecumenical_altar_watching_god, kennysheep_boxes
D:3:      layout_basic, kiku_gazebo_pond_becter
D:4:      layout_loops_ring, grunt_temple_overflow_open,
          gammafunk_ghost_cemetery, minmay_misc_feat_more_columns
D:5:      layout_rooms, bloody_trog, minmay_temple_entry_arrows,
          gammafunk_ghost_mausoleum, kennysheep_decorative_pillar,
          kennysheep_generic_room_6, uniq_menkaure
D:6:      layout_rooms, gammafunk_ghost_cemetery
D:7:      layout_gridville, uniq_prince_ribbit1
D:8:      layout_cave_pods, kennysheep_small_spiral, uniq_grum
D:9:      layout_basic, gammafunk_temple_overflow_arena,
          nicolae_dithmenos_through_a_glass_darkly,
          nicolae_qazlal_scattered_showers, nicolae_sif_muna_condensation,
          nzn_hepliaklqana_mist_gate, minmay_lair_entry_grove, serial_shops,
          shop, lightli_fourway_metalbox
D:10:     minmay_the_grid_plus [minmay_the_grid_slots,
          minmay_the_grid_diamond_grid, minmay_the_grid_stretched_grid,
          minmay_the_grid_gridbox, minmay_the_grid_prize_inner_circle],
          layout_loops_cross, hiddenorc1_lemuel, serial_shops,
          nicolae_shop_trees, nicolae_trove_entry_crystal, eino_tiny_chamber

Skill      XL: |  1  2  3  4  5  6  7  8  9 10 11 |
---------------+----------------------------------+-----
Fighting       | 3 4 5 |  5.0
Spellcasting   | 3 6 |  6.0
Translocations | 1 3 |  3.0
Ice Magic      | 3 4 5 6 |  6.0
Conjurations   | 4 5 6 10 12 | 12.0
Air Magic      | 3 6 |  6.0
Alchemy        | 2 |  2.0
Short Blades   | |  4.0
Dodging        | |  2.4

Action                     |  1- 3 |  4- 6 |  7- 9 | 10-12 || total
---------------------------+-------+-------+-------+-------++-------
  Melee: Short sword       |    53 |   118 |   200 |    79 ||   450
         Dagger            |     9 |       |       |       ||     9
         Punch             |       |     2 |       |     2 ||     4
   Cast: Kiss of Death     |     2 |       |     2 |     5 ||     9
         Hailstorm         |       |     5 |    77 |    47 ||   129
         Blink             |       |       |     4 |     6 ||    10
         Mephitic Cloud    |       |       |     7 |    15 ||    22
    Use: Scroll            |       |     2 |    12 |     7 ||    21
         Potion            |       |       |     1 |     1 ||     2
   Stab: Sleeping          |     8 |     3 |     1 |       ||    12
         Confused          |       |       |       |     9 ||     9
 Armour: Leather armour    |    29 |    48 |    91 |    37 ||   205
  Dodge: Dodged            |    54 |    85 |   167 |    60 ||   366
